 Dungeon Crawl Stone Soup version 0.19.1 (webtiles) character file.

158 CanadianGator the Cutter (level 5, -8/33 HPs)
             Began as a Kobold Fighter on Jan 10, 2017.
             Was a Believer of Uskayaw.
             Mangled by Menkaure (14 damage)
             ... on level 4 of the Dungeon.
             The game lasted 00:06:43 (2606 turns).

CanadianGator the Cutter (Kobold Fighter)           Turns: 2606, Time: 00:06:43

Health: -8/33      AC:  5    Str: 14    XL:     5   Next: 66%
Magic:  5/5        EV: 12    Int:  9    God:    Uskayaw [**....]
Gold:   143        SH:  9    Dex: 15    Spells: 0 memorised, 4 levels left

rFire  . . .     SeeInvis .     a - +0 rapier
rCold  . . .     Gourm    .     h - +0 leather armour
rNeg   . . .     Faith    .     c - +0 shield
rPois  .         Spirit   .     (no helmet)
rElec  .         Reflect  .     (no cloak)
rCorr  .         Harm     .     y - +1 pair of gloves
MR     .....                    (no boots)
Stlth  ++........               (no amulet)
                                (no ring)
                                (no ring)

@: very slightly contaminated, hasted, very quick
A: carnivore 3
a: Stomp, Line Pass, Renounce Religion


You were on level 4 of the Dungeon.
You worshipped Uskayaw.
Uskayaw was noncommittal.
You were completely stuffed.

You visited 2 branches of the dungeon, and saw 5 of its levels.

You collected 143 gold pieces.

Inventory:

Hand Weapons
 a - a +0 rapier (weapon)
Missiles
 i - 36 bolts
 r - 5 tomahawks (quivered)
Armour
 c - a +0 shield (worn)
 e - a +0 robe
 h - a +0 leather armour (worn)
 y - a +1 pair of gloves (worn)
Scrolls
 b - a scroll of enchant weapon {unknown}
 g - 3 scrolls of remove curse {unknown}
 j - a scroll of teleportation {unknown}
 l - 2 scrolls of immolation {unknown}
 n - a scroll of recharging {unknown}
 o - a scroll of fear {unknown}
 s - 3 scrolls of identify {unknown}
 z - a scroll of blinking {unknown}
Potions
 d - a potion of might
 k - 3 potions of haste
 m - 2 potions of cancellation {unknown}
 p - a potion of berserk rage {unknown}
 q - 2 potions of heal wounds {unknown}
 v - a potion of brilliance {unknown}
 w - a potion of magic {unknown}
Comestibles
 f - 2 meat rations
 t - 2 beef jerkies
 u - 2 royal jellies
 x - a chunk of flesh


   Skills:
 + Level 3.7 Fighting
 * Level 4.4 Short Blades
 + Level 0.7 Throwing
 - Level 2.4 Armour
 * Level 2.3 Dodging
 * Level 2.7 Stealth
 + Level 3.0 Shields
 + Level 0.0 Invocations


You had 4 spell levels left.
You didn't know any spells.

Dungeon Overview and Level Annotations

Branches:
Dungeon (4/15)             Temple (1/1) D:4

Altars:
Ashenzari
Cheibriados
Dithmenos
Elyvilon
Gozag
Hepliaklqana
Kikubaaqudgha
Makhleb
Nemelex Xobeh
Okawaru
Ru
Sif Muna
Uskayaw
Xom
Zin

Annotations:
D:4 Menkaure


Innate Abilities, Weirdness & Mutations

You are small and have problems with some larger weapons.
You are carnivorous and can eat meat at any time.


Message History

Menkaure is lightly damaged.
You block Menkaure's attack.
You hit Menkaure.
Menkaure is moderately damaged.
Menkaure gestures wildly while chanting.
Menkaure seems to speed up.
You can now stomp with the beat.
You puncture Menkaure!
Menkaure is severely damaged.
Menkaure gestures at you while chanting.
Pain shoots through your body!
* * * LOW HITPOINT WARNING * * *
You can now pass through a line of other dancers.
It was a potion of haste.
You feel yourself speed up. Menkaure closely misses you.
You are very lightly contaminated with residual magic.
You barely miss Menkaure.
Menkaure is severely damaged.
Menkaure hits you!
You die...

#. #.### #...#
########### #######.####
....#.....###...........
..................#.....
>.................#.....
..<..[............#.....
#.M@..........####..
######........# #..
#.......[# #..
#<.......# #..
########## #.. #.. #..
###


You could see Menkaure.

Vanquished Creatures
  A hound (D:4)
  Jessica (D:2)
  A worker ant (D:4)
  2 adders (D:3)
  3 dart slugs
  3 leopard geckos
  A ball python (D:1)
  4 bats
  3 giant cockroaches
  10 goblins
  5 hobgoblins
  2 kobolds
  A quokka (D:4)
  14 frilled lizards
  7 rats
58 creatures vanquished.

Notes
Turn   | Place    | Note
-------+----------+-------------------------------------------
     0 | D:1      | CanadianGator the Kobold Fighter began the quest for the Orb.
     0 | D:1      | Reached XP level 1. HP: 14/14 MP: 1/1
   111 | D:1      | Reached XP level 2. HP: 8/19 MP: 2/2
   177 | D:1      | Reached skill level 1 in Dodging
   359 | D:1      | Reached skill level 3 in Short Blades
   430 | D:1      | Reached skill level 1 in Stealth
   577 | D:1      | Reached XP level 3. HP: 23/23 MP: 3/3
   939 | D:1      | Found a shimmering altar of Xom.
   941 | D:1      | Found a shadowy altar of Dithmenos.
   941 | D:1      | Found a hazy altar of Hepliaklqana.
   952 | D:1      | Found an opulent altar of Gozag.
   952 | D:1      | Found a stormy altar of Qazlal.
   952 | D:1      | Found a burning altar of Makhleb.
  1070 | D:2      | Noticed Jessica
  1085 | D:2      | Killed Jessica
  1085 | D:2      | Reached XP level 4. HP: 26/28 MP: 4/4
  1974 | D:3      | Reached skill level 4 in Short Blades
  2095 | D:3      | Reached XP level 5. HP: 33/33 MP: 5/5
  2403 | D:4      | Found a staircase to the Ecumenical Temple.
  2439 | Temple   | Entered the Ecumenical Temple
  2511 | Temple   | Became a worshipper of Uskayaw the Reveler
  2593 | D:4      | Noticed Menkaure
  2603 | D:4      | Reached * piety under Uskayaw
  2604 | D:4      | Reached ** piety under Uskayaw
  2606 | D:4      | Mangled by Menkaure

Skill      XL: |  1  2  3  4  5 |
---------------+----------------+-----
Dodging        | 1 2 |  2.3
Short Blades   | 3 4 |  4.4
Stealth        | 1 2 |  2.7
Shields        | 3 |  3.0
Fighting       | |  3.7
Throwing       | |  0.7
Armour         | |  2.4

Action                   |  1- 3 |  4- 6 || total
-------------------------+-------+-------++-------
Melee: Rapier            |    91 |   110 ||   201
Throw: Tomahawk          |       |     1 ||     1
  Use: Potion            |       |     1 ||     1
 Stab: Sleeping          |     2 |     7 ||     9
  Eat: Chunk             |     9 |     5 ||    14
Armor: Robe              |     9 |     9 ||    18
Dodge: Dodged            |    38 |    63 ||   101
Block: Shield            |    31 |    36 ||    67
